 Dungeon Crawl Stone Soup version 0.18-a0-1285-g60d00e1 (webtiles) character file.

254 Kidiri the Conjurer (level 5, 0/29 HPs)
             Began as a Deep Elf Conjurer on Feb 8, 2016.
             Slain by an orc wizard
             ... wielding a +0 dagger
              (5 damage)
             ... on level 4 of the Dungeon.
             The game lasted 00:15:58 (3065 turns).

Kidiri the Conjurer (Deep Elf Conjurer)             Turns: 3065, Time: 00:15:58

Health: 0/29       AC:  3    Str:  5    XL:     5   Next: 91%
Magic:  4/13       EV: 13    Int: 21    God:
Gold:   202        SH:  0    Dex: 15    Spells: 4 memorised, 3 levels left

rFire  . . .     SeeInvis .     i - +1 whip (elec)
rCold  . . .     Gourm    .     l - +0 leather armour
rNeg   . . .     Faith    .     (no shield)
rPois  .         Spirit   .     (no helmet)
rElec  .         Dismiss  .     (no cloak)
rCorr  .         Reflect  .     (no gloves)
SustAt .         Harm     .     (no boots)
MR     .....                    (no amulet)
Stlth  ++........               (no ring)
                                (no ring)

@: not resistant to hostile enchantments, unstealthy
A: no striking features
a: no special abilities


You were on level 4 of the Dungeon.
You were not hungry.

You visited 1 branch of the dungeon, and saw 4 of its levels.

You collected 202 gold pieces.

Inventory:

Hand Weapons
 i - a +1 whip of electrocution (weapon)
Armour
 l - a +0 leather armour (worn)
Scrolls
 a - a scroll of remove curse
 d - 3 scrolls of teleportation
 e - 2 scrolls of identify
Potions
 h - 4 potions of lignification
 n - 3 potions of curing
Books
 b - a book of Conjurations

   Spells                             Type                      Level
   a - Magic Dart                     Conjuration                  1
   b - Searing Ray                    Conjuration                  2
   c - Dazzling Spray                 Conjuration/Hexes            3
   d - Fulminant Prism                Conjuration/Hexes            4
   e - Iskenderun's Mystic Blast      Conjuration                  4
   f - Iskenderun's Battlesphere      Conjuration/Charms           5
Comestibles
 c - 3 bread rations
 f - 6 fruits
 k - a meat ration


   Skills:
 + Level 1.0 Fighting
   Level 0.6 Short Blades
 + Level 0.5 Maces & Flails
 + Level 1.0 Armour
 * Level 4.0 Dodging
 + Level 3.7 Stealth
 * Level 4.6 Spellcasting
 * Level 5.1 Conjurations
 + Level 1.3 Hexes


You had 3 spell levels left.
You knew the following spells:

 Your Spells              Type           Power        Failure   Level  Hunger
a - Magic Dart            Conj           ####         2%          1    None
b - Searing Ray           Conj           ####..       3%          2    #......
c - Dazzling Spray        Conj/Hex       ###.....     17%         3    ##.....
d - Iskenderun's Mystic   Conj           ####....     24%         4    ####...


Dungeon Overview and Level Annotations

Branches:
Dungeon (4/15)
 Temple: D:4-7

Altars:
Ashenzari
Okawaru


Message History

The magic dart hits you! The orc wizard closely misses you.
You closely miss the orc wizard.
The orc wizard is heavily wounded.
The orc wizard casts a spell at you. The magic dart hits you!
* * * LOW HITPOINT WARNING * * *
You are too injured to fight recklessly!
You are too injured to fight recklessly!
You are too injured to fight recklessly!
Casting: Dazzling Spray
Confirm with . or Enter, or press ? or * to list all spells.
Aiming: Dazzling Spray
Press: ? - help, Shift-Dir - straight line, f/p - orc wizard
Aim: an orc wizard, wielding a dagger and wearing a robe (heavily wounded, fast, blind)
The spray of energy hits the orc wizard.
The orc wizard is almost dead.
The orc wizard is dazzled.
The orc wizard hits you but does no damage.
The orc wizard hits you with a dagger.
You die...

# .............#### ...
................... ....
#. #.##.....##.####
....##.##.##.....##.#
............#.###.#
............#..##.####
.#..##.###.#.........
#.o##[###.#...#.####
#..@...<#.#...#.^.
##.###.###.#...#....#
......................
.......................
##.....##.##..#...#....#
#................#....#
.....##.##.###..#.....
.... #.##.# #.....)..
... .....# ..#.#


You could see an orc wizard (blind).

Vanquished Creatures
  An orc warrior (D:4)
  An ogre (D:3)
  3 adders
  An ooze (D:3)
  A worm (D:3)
  A giant gecko (D:3)
  An orc (D:4)
  A ball python (D:2)
  A giant cockroach (D:1)
  7 hobgoblins
  6 jackals
  6 bats
  A giant newt (D:3)
  4 goblins
  2 kobolds
  6 rats
43 creatures vanquished.

Notes
Turn   | Place    | Note
--------------------------------------------------------------
     0 | D:1      | Kidiri the Deep Elf Conjurer began the quest for the Orb.
     0 | D:1      | Reached XP level 1. HP: 10/10 MP: 6/6
   606 | D:2      | Reached XP level 2. HP: 15/15 MP: 5/8
   614 | D:1      | Learned a level 2 spell: Searing Ray
   833 | D:2      | Found an iron altar of Okawaru.
  1199 | D:2      | Reached XP level 3. HP: 16/19 MP: 6/9
  1228 | D:2      | Learned a level 3 spell: Dazzling Spray
  1580 | D:3      | Noticed an ogre
  1585 | D:3      | Killed an ogre
  1585 | D:3      | Reached skill level 1 in Hexes
  1585 | D:3      | Reached XP level 4. HP: 22/24 MP: 4/12
  1593 | D:3      | Learned a level 4 spell: Iskenderun's Mystic Blast
  2004 | D:3      | Found a shattered altar of Ashenzari.
  2007 | D:3      | Reached XP level 5. HP: 28/28 MP: 10/13
  2658 | D:4      | Noticed an orc warrior
  2929 | D:4      | HP: 1/28 [orc warrior/flail (11)]
  2932 | D:4      | Killed an orc warrior
  2932 | D:4      | Reached skill level 1 in Fighting
  2932 | D:4      | Reached skill level 1 in Armour
  2932 | D:4      | Reached skill level 5 in Conjurations
  3065 | D:4      | Slain by an orc wizard

Vault maps used:
D:1:      tarquinn_simple_flora_water_c
D:2:      okawaru_ov_weapons_minmay, grunt_decor_mini_mirrors
D:3:      lemuel_coloured_pillars_altar
D:4:      grunt_temple_overflow_growth_and_decay

Action                   |  1- 3 |  4- 6 || total
-------------------------+-------+-------++-------
Melee: Whip              |     2 |    17 ||    19
 Cast: Magic Dart        |    42 |    43 ||    85
       Searing Ray       |     2 |       ||     2
       Dazzling Spray    |       |    10 ||    10
  Use: Scroll            |     7 |     1 ||     8
       Potion            |       |     1 ||     1
 Stab: Sleeping          |     1 |     1 ||     2
       Invisible         |       |     2 ||     2
  Eat: Chunk             |     1 |     3 ||     4
       Beef jerky        |     1 |       ||     1
       Meat ration       |       |     1 ||     1
